 Dungeon Crawl Stone Soup version 0.32-a0-779-g362cfca (webtiles) character file.

Game seed: 14444904652250500722

295228 Dorkslayer the Warrior (level 20, -17/147 HPs)
             Began as an Octopode Fighter on Mar 15, 2024.
             Was the Champion of Dithmenos.
             Killed from afar by a tengu reaver (22 damage)
             ... with a bolt of acid
             ... led by Sojobo
             ... on level 2 of the Vaults on Mar 19, 2024.
             The game lasted 03:06:19 (35656 turns).

Dorkslayer the Warrior (Octopode Fighter)          Turns: 35656, Time: 03:06:20

Health: -17/147    AC: 18    Str: 37    XL:     20   Next: 87%
Magic:  25/25      EV: 20    Int: 11    God:    Dithmenos [******]
Gold:   3660       SH: 18    Dex: 20    Spells: 19/19 levels left

rFire   + . .        v - +6 whip "Paysal" {flame, rPois SInv}
rCold   x . .        C - +0 kite shield {AC+3}
rNeg    + . .        Y - +0 hat "Juhuurie" {Will+ Regen+ Stlth+}
rPois   +            W - amulet of reflection
rElec   .            r - +6 ring of strength
rCorr   +            P - +6 ring of strength
SInv    +            B - +4 ring of protection
Will    +++..        F - ring of Qubum {Fire rN+ Dex+2 Slay+3} Stlth ***+++++++
                     K - +4 ring of protection
HPRegen 1.24/turn    o - +6 ring of strength
MPRegen 0.19/turn    c - ring "Wekhyth" {Will+ rCorr}
                     p - +4 ring of protection

%: reflection
@: mighty, wreathed by umbra, studying Spellcasting
A: almost no armour, amphibious, 8 rings, camouflage 1, gelatinous body 1,
(nimble swimmer 1), tentacles, iridescent scales 1, agile 1, no potion heal 1
}: 2/15 runes: decaying, gossamer
a: Renounce Religion, Shadow Step, Shadow Form


You were on level 2 of the Vaults.
You worshipped Dithmenos.
Dithmenos was exalted by your worship.
You visited 6 branches of the dungeon, and saw 32 of its levels.
You also visited: Gauntlet and Volcano.

You collected 3884 gold pieces.
You spent 224 gold pieces at shops.

Inventory:

Hand Weapons
 t - a +1 war axe of flaming
 v - the +6 whip "Paysal" (weapon) {flame, rPois SInv}
   (You found it on level 3 of the Dungeon)

   rPois:     It protects you from poison.
   SInv:      It lets you see invisible.
 N - a +0 flail of holy wrath
Missiles
 y - a curare-tipped dart (quivered)
 I - 9 boomerangs
 J - 9 javelins
 T - a silver javelin
Armour
 C - a +0 kite shield of protection (worn)
 U - a +0 kite shield of reflection
 Y - the +0 hat "Juhuurie" (worn) {Will+ Regen+ Stlth+}
   (You found it on level 2 of the Swamp)

   Will+:     It increases your willpower.
   Regen+:    It increases your rate of health regeneration.
   Stlth+:    It makes you more stealthy.
Jewellery
 c - the ring "Wekhyth" (on tentacle) {Will+ rCorr}
   (You acquired it on level 4 of the Dungeon)

   [ring of willpower]

   Will+:     It increases your willpower.
   rCorr:     It protects you from acid and corrosion.
 i - an amulet of regeneration
 o - a +6 ring of strength (on tentacle)
 p - a +4 ring of protection (on tentacle)
 r - a +6 ring of strength (left tentacle)
 B - a +4 ring of protection (on tentacle)
 F - the ring of Qubum (on tentacle) {Fire rN+ Dex+2 Slay+3}
   (You found it on level 7 of the Dungeon)

   [ring of fire]

   Fire:      It enhances your fire magic.
   Dex+2:     It affects your dexterity (+2).
   Slay+3:    It affects your accuracy & damage with ranged weapons and melee
   (+3).
   rF+:       It protects you from fire.
   rC-:       It makes you vulnerable to cold.
   rN+:       It protects you from negative energy.
 G - a ring of protection from cold
 K - a +4 ring of protection (on tentacle)
 L - a ring of poison resistance
 O - a ring of see invisible
 P - a +6 ring of strength (right tentacle)
 W - an amulet of reflection (around mantle)
Talismans
 d - a blade talisman
 Q - a granite talisman
 S - a dragon-blood talisman
Wands
 g - a wand of acid (1)
 E - a wand of charming (10)
 R - a wand of digging (6)
Scrolls
 b - a scroll of revelation
 e - 2 scrolls of immolation
 h - 5 scrolls of enchant weapon
 q - 9 scrolls of fog
 w - 8 scrolls of fear
 H - 25 scrolls of identify
 M - 5 scrolls of teleportation
 V - a scroll of poison
 X - a scroll of silence
 Z - a scroll of enchant armour
Potions
 a - 2 potions of might
 f - 4 potions of curing
 j - a potion of berserk rage
 l - a potion of brilliance
 m - 4 potions of ambrosia
 x - a potion of cancellation
 z - 2 potions of magic
 A - 3 potions of enlightenment
 D - 4 potions of mutation
Miscellaneous
 k - a sack of spiders (inert)
 s - a phantom mirror (inert)
 u - a phial of floods (inert)


   Skills:
 * Level 15.8 Fighting
 + Level 0.7(9.0) Axes
 * Level 13.9 Maces & Flails
 + Level 8.7 Throwing
 + Level 12.5 Dodging
 - Level 10.8 Stealth
 + Level 12.7 Shields
 - Level 12.4 Unarmed Combat
 * Level 7.8 Invocations
 * Level 14.1 Evocations
 * Level 11.2 Shapeshifting


You had 19 spell levels left.
You didn't know any spells.
Your spell library contained the following spells:

 Spells                   Type           Power      Damage    Failure   Level
 Call Imp                 Summ           0%         N/A       58%         2
 Ensorcelled Hibernation  Hex/Ice        0%         N/A       58%         2
 Sublimation of Blood     Necr           0%         N/A       58%         2
 Fugue of the Fallen      Necr           0%         N/A       82%         3
 Hailstorm                Conj/Ice       0%         3d5       82%         3
 Ozocubu's Armour         Ice            0%         N/A       82%         3
 Passwall                 Erth           0%         N/A       82%         3
 Sigil of Binding         Hex            0%         N/A       82%         3
 Summon Ice Beast         Ice/Summ       0%         N/A       82%         3
 Swiftness                Air            0%         N/A       82%         3
 Volatile Blastmotes      Fire/Tloc      0%         2d10      82%         3
 Anguish                  Hex/Necr       0%         N/A       99%         4
 Manifold Assault         Tloc           0%         N/A       99%         4
 Summon Lightning Spire   Summ/Air       0%         N/A       99%         4
 Vhi's Electric Charge    Tloc/Air       0%         N/A       99%         4
 Arcjolt                  Conj/Air       0%         1d10      100%        5
 Lee's Rapid Deconstruct  Erth           0%         3d4*      100%        5
 Bombard                  Conj/Erth      0%         9d1       100%        6
 Death Channel            Necr           0%         N/A       100%        6
 Permafrost Eruption      Ice/Erth       0%         2x4d2     100%        6
 Plasma Beam              Fire/Air       0%         2x1d10    100%        6
 Sculpt Simulacrum        Ice/Alch       0%         N/A       100%        6
 Ozocubu's Refrigeration  Ice            0%         4d7       100%        7
 Summon Hydra             Summ           0%         N/A       100%        7
 Maxwell's Capacitive Co  Air            0%         ∞         100%        8
 Polar Vortex             Ice            0%         N/A       100%        9
 Animate Armour           Summ/Erth      Unusable   N/A       N/A         4

Dungeon Overview and Level Annotations

Branches:
Dungeon (15/15)            Temple (0/1) D:6            Lair (5/5) D:9
  Swamp (4/4) Lair:3       Spider (4/4) Lair:3        Slime (0/5) Lair:5
    Orc (2/2) D:9             Elf (0/3) Orc:2        Vaults (2/5) D:14
 Depths (0/4) D:15        Volcano (visited)         Gauntlet (visited)
  Crypt: Vaults:2-3

Altars:
Dithmenos
Elyvilon
Fedhas
Kikubaaqudgha
Makhleb
Qazlal
Trog
Wu Jian
Xom
Yredelemnul
Zin
Jiyva

Shops:
Orc:1 [   Orc:2 :([[:

Portals:
Trove: D:11 (give 15 scrolls of teleportation)

Annotations:
Swamp:4 Lernaean hydra
Vaults:2 Sojobo


Innate Abilities, Weirdness & Mutations

You cannot wear most types of armour.
You are amphibious.
You can wear up to eight rings at the same time.
Your skin changes colour to match your surroundings (Stealth+).
Your rubbery body absorbs attacks. (AC +1, EV +1)
((You are camouflaged when in or above water. (Stealth+)))
You have tentacles for arms and can constrict up to eight enemies at once.
You are partially covered in iridescent scales. (AC +2)
You are agile. (Dex +4, Str/Int -1)
Potions are less effective at restoring your health.


Message History

* * * LOW HITPOINT WARNING * * *
The tengu reaver hits you from afar with a +2 bardiche of protection!
* * * LOW HITPOINT WARNING * * *
The tengu reaver points at you and mumbles some strange words.
The bolt of fire hits you! You resist.
* * * LOW HITPOINT WARNING * * *
You see here a hellephant corpse.
Unknown command.
Your system partially rejects the healing.
You feel much better.
You block the deep elf death mage simulacrum's attack.
The tengu reaver casts a spell at you.
The bolt of negative energy hits the deep elf death mage simulacrum.
The deep elf death mage simulacrum completely resists.
The bolt of negative energy hits you but does no damage.
You partially resist.
Your system partially rejects the healing.
You feel better.
You feel very mighty all of a sudden.
Okay, then.
Aiming: Charm
Press: ? - help, Shift-Dir - straight line, f - tengu reaver
Aim: a tengu reaver, wielding a +2 bardiche of protection and wearing a +0 scale mail (repelling missiles, umbra, chance to affect: 44%)
The tengu reaver resists with some effort.
You block the tengu reaver's attack.
Aiming: Charm
Press: ? - help, Shift-Dir - straight line, f/p - tengu reaver
Aim: a tengu reaver, wielding a +2 bardiche of protection and wearing a +0 scale mail (repelling missiles, umbra, chance to affect: 44%)
The tengu reaver resists with some effort.
The tengu reaver gestures at you while chanting.
The bolt of lightning hits you!!!
* * * LOW HITPOINT WARNING * * *
You hear a shout!
You hear a horrible gurgling sound! x2
Aiming: Charm
Press: ? - help, Shift-Dir - straight line, f/p - tengu reaver
Aim: a tengu reaver, wielding a +2 bardiche of protection and wearing a +0 scale mail (repelling missiles, umbra, chance to affect: 44%)
The tengu reaver resists with some effort.
The tengu reaver gestures at you while chanting.
The bolt of acid hits you!! You resist.
You die...

,*,,,,*,,<,,,,,* #....#..#
,*,,,,*,,,,,,,,* #....#..#
**,,,,*,,,,,,,,* #....#..#
*,,,,+,,,,,,,,* #....#***
**,,,,###################....###*
,,,,,,...........................
,,,,,,...........................
,,,,,,......)......).............
,*****########..@................
,* ***** #Q#########......... ,*
*~~~* #†#,,,,,,,#......... ,*
*~*~* #Q#,,,,,,,+.........
,*******~*⌠**#Q'......,#........,
**,ß~~~~~,,,*#.#......,*,.....,,,
+,,,,,,,,,∩,*#.#......,*,,,,,,,,,
**,ß~~~~~,,,*#.#,.....,*,,,,,,,,,
,*******~*⌠**#.#*#+###**,,,,,,,,,


You could see a tengu reaver (repels missiles).

Vanquished Creatures
  Mara (Swamp:4)
  Bai Suzhen (Swamp:4)
  Margery (Vaults:2)
  A hellephant (Vaults:2)
  Jorgrun (D:13)
  The ghost of Ufrec the Severer, an adept MDFi of Okawaru (Swamp:2)
  Frances (D:13)
  A tengu reaver (Vaults:2)
  A thorn hunter (Swamp:2)
  Donald (Swamp:2)
  The ghost of tls9540 the Brawler, a journeyman TrFi of Wu Jian (Swamp:2)
  5 emperor scorpions (Spider:4)
  Roxanne (Swamp:1)
  The ghost of Uroge the Thaumaturge, a journeyman GrEE of Vehumet (Swamp:2)
  8 ghost moths
  Louise (D:15)
  A frost giant (D:15)
  3 vault wardens (Vaults:1)
  An ironbound preserver (Vaults:1)
  A broodmother (Spider:2)
  3 ironbound thunderhulks
  A formless jellyfish (Vaults:1)
  3 eleionomae
  Nessos (D:15)
  Azrael (D:15)
  A deep elf death mage (Vaults:2)
  4 spark wasps (Spider:4)
  9 bunyips
  A minotaur (Gauntlet)
  Snorg (Lair:3)
  The ghost of bongcheondong the Frost Mage, a journeyman GnIE of Ashenzari (D:13)
  2 yaktaur captains (Vaults:1)
  5 shambling mangroves
  An entropy weaver (Spider:3)
  A great orb of eyes (Vaults:2)
  A spriggan air mage (Swamp:2)
  Josephine (D:10)
  2 jorogumos
  A rakshasa (D:13)
  An ice dragon (Lair:5)
  15 hydras
  3 ironbound frosthearts (Vaults:1)
  6 radroaches
  10 alligators
  3 ghost crabs (Swamp:3)
  9 boulder beetles
  4 ogre magi (Orc:2)
  5 catoblepae
  7 centaur warriors
  6 death yaks (Lair:4)
  19 two-headed ogres
  A hell hog (Volcano)
  3 tengu warriors (D:15)
  8 demonic crawlers
  Sonja (Lair:4)
  2 hell knights (Vaults:2)
  4 skeletal warriors (D:14)
  A sixfirhy (Gauntlet)
  7 pharaoh ants
  4 bog bodies
  5 deep trolls (Vaults:1)
  9 goliath frogs
  2 skysharks
  A death drake (Swamp:4)
  An arcanist (Vaults:1)
  6 orb spiders
  6 lindwurms
  9 swamp dragons
  3 harpies (Vaults:1)
  5 steelbarb worms
  6 ironbound convokers (Vaults:1)
  A phantasmal warrior (Vaults:1)
  Pikel (D:9)
  3 deep elf zephyrmancers (D:14)
  2 orc knights
  A necromancer (Vaults:2)
  3 cyclopes
  7 ugly things
  23 wolf spiders
  A manticore (D:11)
  A worldbinder (Gauntlet)
  8 will-o-the-wisps
  A meliai (D:13)
  Joseph (D:9)
  16 elephants
  8 black mambas
  3 kobold blastminers (Orc:1)
  3 vault sentinels
  5 moths of wrath
  A guardian serpent (Lair:5)
  3 gargoyles
  2 torpor snails
  17 cane toads
  15 komodo dragons
  3 rime drakes
  15 yaktaurs
  A tengu conjurer (D:15)
  2 kobold demonologists (D:10)
  2 polar bears
  A bloated husk (Swamp:2)
  A queen bee (shapeshifter) (D:13)
  8 trolls
  5 tyrant leeches
  29 hornets
  17 tarantellas
  Prince Ribbit (D:8)
  5 dream sheep (Lair:5)
  31 blink frogs
  25 slime creatures
  3 shadows
  20 jumping spiders
  5 wraiths
  14 spriggans
  18 culicivoras
  A fire elemental (D:15)
  A wyvern (shapeshifter) (D:15)
  6 basilisks
  3 wargs (Orc:1)
  14 wyverns
  31 yaks
  Grum (D:9)
  9 vampire mosquitoes
  3 steam dragons
  50 redbacks
  2 acid dragons
  23 swamp worms
  2 two-headed ogre zombies (D:9)
  6 hell hounds
  21 water moccasins
  14 swamp drakes
  An ice beast (D:8)
  18 orc warriors
  A black bear (D:5)
  3 boggarts
  29 ogres
  16 wolves
  3 centaurs
  A phantom (D:6)
  2 lemures (D:9)
  3 kobold brigands
  18 bullfrogs
  3 scorpions
  6 wights (D:9)
  A troll zombie (D:9)
  14 killer bees
  5 howler monkeys
  2 electric eels (Spider:4)
  A bombardier beetle (D:5)
  10 jellies
  15 orc priests
  2 hounds (D:5)
  A gnoll bouda (D:7)
  7 iguanas
  26 orc wizards
  5 ogre zombies (D:9)
  4 gnolls (D:7)
  6 adders
  2 white imps
  2 ufetubi (Gauntlet)
  5 ribbon worms
  92 orcs
  15 endoplasms
  5 giant cockroaches
  3 goblins
  4 hobgoblins
  4 jackals (D:2)
  3 quokkas
  7 ball pythons
  6 bats
  3 frilled lizards
  2 gnoll skeletons (D:9)
  A gnoll zombie (D:9)
  22 kobolds
  4 orc skeletons (D:9)
  18 orc zombies (D:9)
  2 rats
  A butterfly (Lair:4)
1168 creatures vanquished.

Vanquished Creatures (collateral kills)
  The ghost of jongho1212 the Phalangite, an adept MfGl of Beogh (Vaults:1)
  Rupert (D:15)
  An emperor scorpion (Spider:4)
  The ghost of tls9540 the Brawler, an adept VSMo of Wu Jian (Swamp:2)
  An ironbound thunderhulk (Vaults:1)
  A rakshasa (Vaults:1)
  4 two-headed ogres (Orc:2)
  An arcanist (Vaults:1)
  A jelly (Lair:5)
12 creatures vanquished.

Vanquished Creatures (others)
  An emperor scorpion (Spider:4)
  An ironbound preserver (Vaults:1)
  A broodmother (Spider:4)
  A spark wasp (Spider:4)
  A great orb of eyes (Vaults:1)
  A swamp dragon (Swamp:4)
  4 bloated husks
  A boggart (Vaults:1)
  16 foxfires
27 creatures vanquished.

Grand Total: 1207 creatures vanquished

Notes
Turn   | Place    | Note
-------+----------+-------------------------------------------
     0 | D:1      | Dorkslayer the Octopode Fighter began the quest for the
                  | Orb.
     0 | D:1      | Reached XP level 1. HP: 16/16 MP: 1/1
    23 | D:1      | Found a faded altar of an unknown god.
   242 | D:1      | Reached XP level 2. HP: 21/21 MP: 2/2
   817 | D:2      | Reached XP level 3. HP: 23/26 MP: 3/3
   985 | D:2      | Reached skill level 1 in Stealth
  1099 | D:2      | Reached XP level 4. HP: 29/31 MP: 4/4
  1185 | D:2      | Found a glowing silver altar of Zin.
  1389 | D:2      | Identified the +0 leather armour of Life {+Inv}
  1440 | D:3      | Identified the +6 whip "Paysal" {flame, rPois SInv}
  1670 | D:3      | Reached XP level 5. HP: 25/37 MP: 5/5
  1701 | D:3      | Reached skill level 1 in Maces & Flails
  2227 | D:4      | Identified a scroll of acquirement
  2227 | D:4      | Acquired the ring "Wekhyth" {Will+ rCorr}
  2282 | D:4      | Reached XP level 6. HP: 41/43 MP: 6/6
  2284 | D:4      | Found an ornate altar of the Wu Jian Council.
  2707 | D:4      | Reached skill level 4 in Fighting
  2902 | D:5      | Entered Level 5 of the Dungeon
  2922 | D:5      | Reached XP level 7. HP: 48/48 MP: 7/7
  2943 | D:5      | Reached skill level 1 in Shapeshifting
  3153 | D:5      | Found a burning altar of Makhleb.
  3154 | D:5      | Found a glowing silver altar of Zin.
  3155 | D:5      | Found an ancient bone altar of Kikubaaqudgha.
  3155 | D:5      | Found a shadowy altar of Dithmenos.
  3162 | D:5      | Reached skill level 5 in Stealth
  3166 | D:5      | Became a worshipper of Dithmenos the Shadowed
  3176 | D:5      | Noticed a two-headed ogre
  3184 | D:5      | Killed a two-headed ogre
  3185 | D:5      | Reached skill level 5 in Maces & Flails
  3185 | D:5      | Reached XP level 8. HP: 29/54 MP: 8/8
  3527 | D:6      | Reached XP level 9. HP: 40/60 MP: 9/9
  3545 | D:6      | Reached skill level 5 in Fighting
  3591 | D:6      | Reached * piety under Dithmenos
  3703 | D:6      | Reached skill level 5 in Unarmed Combat
  3741 | D:6      | Found a staircase to the Ecumenical Temple.
  4084 | D:6      | Noticed a two-headed ogre
  4093 | D:6      | HP: 2/61 [two-headed ogre/+0 giant club (24)]
  4098 | D:6      | Killed a two-headed ogre
  4362 | D:7      | Reached skill level 1 in Throwing
  4398 | D:7      | Reached ** piety under Dithmenos
  4588 | D:7      | Found a stormy altar of Qazlal.
  4645 | D:7      | Reached XP level 10. HP: 62/68 MP: 10/10
  4710 | D:7      | Identified the ring of Qubum {Fire rN+ Dex+2 Slay+3}
  4857 | D:7      | Noticed a cyclops
  4866 | D:7      | Killed a cyclops
  4867 | D:7      | Reached skill level 6 in Fighting
  5044 | D:8      | Noticed Prince Ribbit
  5048 | D:8      | Killed Prince Ribbit
  5144 | D:8      | Found a white marble altar of Elyvilon.
  5313 | D:8      | Found a blossoming altar of Fedhas.
  5405 | D:8      | Found a shimmering altar of Xom.
  5635 | D:9      | Noticed Pikel
  5644 | D:9      | Killed Pikel
  5645 | D:9      | Reached skill level 1 in Evocations
  5726 | D:9      | Found a staircase to the Orcish Mines.
  5753 | D:9      | Reached *** piety under Dithmenos
  5770 | D:9      | Reached skill level 5 in Dodging
  5827 | D:9      | Identified the +1 leather armour of the Evening {Will-
                  | Int+5 Slay+4}
  5933 | D:9      | Noticed Grum
  5945 | D:9      | Killed Grum
  6041 | D:9      | Reached XP level 11. HP: 74/74 MP: 11/11
  6044 | D:9      | Found a bloodstained altar of Trog.
  6237 | D:9      | Noticed Joseph
  6248 | D:9      | Killed Joseph
  6269 | D:9      | Reached skill level 7 in Fighting
  6311 | D:9      | Reached skill level 5 in Shapeshifting
  6322 | D:9      | Reached **** piety under Dithmenos
  6543 | D:9      | Found a staircase to the Lair.
  6606 | D:9      | Upgraded the game from 0.32-a0-711-g016ad74 to
                  | 0.32-a0-768-g0f6f1dd
  6629 | D:10     | Entered Level 10 of the Dungeon
  6983 | D:10     | Noticed Josephine
  7009 | D:10     | Killed Josephine
  7205 | D:10     | Reached ***** piety under Dithmenos
  7484 | Orc:1    | Entered Level 1 of the Orcish Mines
  7502 | Orc:1    | Found Xoare's Armour Emporium.
  7545 | Orc:1    | Found a dark tunnel.
  7558 | Volcano  | Entered a volcano
  7611 | Volcano  | Noticed a hell hog
  7618 | Volcano  | Killed a hell hog
  7706 | Orc:1    | Reached skill level 5 in Shields
  7956 | Orc:1    | Reached XP level 12. HP: 82/82 MP: 12/12
  8102 | Orc:1    | Noticed a boulder beetle
  8117 | Orc:1    | Reached skill level 8 in Fighting
  8117 | Orc:1    | Reached skill level 10 in Maces & Flails
  8132 | Orc:1    | Killed a boulder beetle
  8443 | Orc:2    | Entered Level 2 of the Orcish Mines
  8443 | Orc:2    | Found Yffaoc's Book Emporium.
  8464 | Orc:2    | Reached skill level 5 in Evocations
  8931 | Orc:2    | Found a staircase to the Elven Halls.
  8961 | Orc:2    | Noticed a two-headed ogre
  8962 | Orc:2    | Found Qedgh's Armour Emporium.
  8962 | Orc:2    | Found Ponukhlogh's Book Shop.
  8962 | Orc:2    | Noticed an ogre mage
  8962 | Orc:2    | Noticed an ogre mage
  8962 | Orc:2    | Noticed a two-headed ogre
  8963 | Orc:2    | Found Yzesousi's Antique Weapon Boutique.
  8963 | Orc:2    | Found Epnaemer's Antique Armour Emporium.
  8963 | Orc:2    | Noticed a two-headed ogre
  8963 | Orc:2    | Noticed an ogre mage
  8963 | Orc:2    | Noticed an ogre mage
  8963 | Orc:2    | Noticed a two-headed ogre
  8963 | Orc:2    | Noticed a two-headed ogre
  8963 | Orc:2    | Noticed a two-headed ogre
  8964 | Orc:2    | Noticed a two-headed ogre
  8964 | Orc:2    | Noticed a two-headed ogre
  8965 | Orc:2    | Noticed a two-headed ogre
  8965 | Orc:2    | Noticed a two-headed ogre
  8965 | Orc:2    | Noticed a two-headed ogre
  8966 | Orc:2    | Noticed a two-headed ogre
  8967 | Orc:2    | Noticed a two-headed ogre
  8968 | Orc:2    | Killed a two-headed ogre
  8968 | Orc:2    | Killed an ogre mage
  8970 | Orc:2    | Noticed a two-headed ogre
  8970 | Orc:2    | Killed a two-headed ogre
  8976 | Orc:2    | Killed a two-headed ogre
  8979 | Orc:2    | Killed a two-headed ogre
  8979 | Orc:2    | Killed a two-headed ogre
  8979 | Orc:2    | Killed an ogre mage
  8979 | Orc:2    | Killed a two-headed ogre
  8979 | Orc:2    | Killed an ogre mage
  8979 | Orc:2    | Killed a two-headed ogre
  8979 | Orc:2    | Killed a two-headed ogre
  8980 | Orc:2    | Reached skill level 9 in Fighting
  8980 | Orc:2    | Killed an ogre mage
  8981 | Orc:2    | Reached XP level 13. HP: 43/90 MP: 13/13
  9114 | Orc:2    | Reached skill level 5 in Throwing
  9164 | Orc:2    | Bought a +1 hat of willpower for 224 gold pieces
  9566 | D:11     | Reached ****** piety under Dithmenos
  9599 | D:11     | Found a portal to a secret trove of treasure.
 11040 | D:12     | Identified the maw talisman of Amorality {rPois MP+9 Dex-5
                  | SInv}
 11220 | D:13     | Noticed Frances
 11229 | D:13     | Killed Frances
 11230 | D:13     | Reached skill level 10 in Stealth
 11257 | D:13     | Noticed Jorgrun
 11274 | D:13     | Killed Jorgrun
 11275 | D:13     | Reached XP level 14. HP: 34/98 MP: 14/14
 11277 | D:13     | Found a transporter.
 11455 | D:13     | Found a transporter.
 11455 | D:13     | Noticed bongcheondong's ghost (journeyman GnIE)
 11525 | D:13     | Reached skill level 10 in Fighting
 11943 | D:13     | Gained mutation: You are partially covered in iridescent
                  | scales. (AC +2) [potion of mutation]
 11960 | D:13     | Identified the +0 robe of Vehumet's Castigation {rCorr
                  | Int+3 Archmagi}
 12317 | D:13     | HP: 1/99 [bongcheondong's ghost (illusionary) (8)]
 12640 | Lair:1   | Entered Level 1 of the Lair of Beasts
 13796 | Lair:2   | Found a gate leading to a gauntlet.
 13807 | Gauntlet | Entered a Gauntlet
 13807 | Gauntlet | Found a transporter.
 14013 | Gauntlet | Found a transporter.
 14015 | Gauntlet | Found a transporter.
 14031 | Gauntlet | Found a transporter.
 14032 | Gauntlet | Found a transporter.
 14043 | Gauntlet | Found a transporter.
 14059 | Gauntlet | Found a transporter.
 14067 | Gauntlet | Found a runed translucent door.
 14069 | Gauntlet | Found a transporter.
 14071 | Gauntlet | Found a runed translucent door.
 14083 | Gauntlet | Found a transporter.
 14083 | Gauntlet | Found a transporter.
 14085 | Gauntlet | Found a transporter.
 14094 | Gauntlet | Found a transporter.
 14131 | Gauntlet | Found a transporter.
 14136 | Gauntlet | Found a transporter.
 14459 | Gauntlet | Acquired 551 gold pieces
 14474 | Gauntlet | Identified the +6 flail "Ihiky" {antimagic, rN+ rCorr}
 15427 | Lair:3   | Found a staircase to the Swamp.
 15695 | Lair:3   | Noticed Snorg
 15705 | Lair:3   | Killed Snorg
 15847 | Lair:3   | Found a hole to the Spider Nest.
 15866 | Lair:3   | Reached skill level 10 in Unarmed Combat
 16185 | Lair:4   | Noticed Sonja
 16200 | Lair:3   | Reached XP level 15. HP: 82/105 MP: 15/15
 16243 | Lair:4   | Killed Sonja
 16247 | Lair:4   | Reached skill level 11 in Fighting
 17425 | Lair:5   | Entered Level 5 of the Lair of Beasts
 17561 | Lair:5   | Found a viscous altar of Jiyva.
 18243 | Lair:5   | Reached skill level 10 in Evocations
 18325 | Lair:5   | Reached skill level 12 in Fighting
 18400 | Lair:5   | Found a staircase to the Slime Pits.
 18587 | Lair:5   | Reached XP level 16. HP: 114/114 MP: 16/16
 19679 | D:14     | Found a gate to the Vaults.
 20177 | D:14     | Found a basalt altar of Yredelemnul.
 20327 | D:15     | Entered Level 15 of the Dungeon
 20336 | D:15     | Noticed Nessos
 20346 | D:15     | Identified the +7 tower shield "Huzum" {rElec rCorr Str-4
                  | Int-5}
 20346 | D:15     | Noticed Louise
 20371 | D:15     | Killed Louise
 20375 | D:15     | Killed Nessos
 20716 | D:15     | Noticed Azrael
 20734 | D:15     | Killed Azrael
 20789 | D:15     | Found a staircase to the Depths.
 21001 | D:15     | Noticed Rupert
 21047 | D:15     | Killed Rupert
 21243 | Swamp:1  | Entered Level 1 of the Swamp
 21275 | Swamp:1  | Noticed Roxanne
 21317 | Swamp:1  | Killed Roxanne
 21507 | Swamp:1  | Reached skill level 10 in Shapeshifting
 21515 | Swamp:1  | Reached skill level 13 in Fighting
 21610 | Swamp:1  | Upgraded the game from 0.32-a0-768-g0f6f1dd to
                  | 0.32-a0-771-g4004213
 22151 | Swamp:1  | Reached XP level 17. HP: 120/123 MP: 17/17
 22371 | Swamp:2  | Reached skill level 10 in Dodging
 22997 | Swamp:2  | Noticed Donald
 23086 | Swamp:2  | Found a runed translucent gate.
 23087 | Swamp:2  | Found a runed translucent gate.
 23088 | Swamp:2  | Found a runed translucent gate.
 23092 | Swamp:2  | Noticed tls9540's ghost (adept VSMo)
 23092 | Swamp:2  | Noticed Ufrec's ghost (adept MDFi)
 23212 | Swamp:2  | Killed Donald
 23259 | Swamp:2  | Noticed tls9540's ghost (journeyman TrFi)
 23261 | Swamp:2  | Noticed Uroge's ghost (journeyman GrEE)
 24445 | D:13     | Killed bongcheondong's ghost
 24655 | Spider:1 | Entered Level 1 of the Spider Nest
 25412 | Spider:1 | Upgraded the game from 0.32-a0-771-g4004213 to
                  | 0.32-a0-778-ga6a9c15
 25432 | Spider:1 | Identified the +11 falchion of Conformity {antimagic, rF++
                  | Int-5 Dex+2}
 25930 | Spider:2 | Reached skill level 14 in Fighting
 25934 | Spider:2 | Reached skill level 10 in Shields
 27458 | Spider:3 | Reached skill level 1 in Invocations
 27478 | Spider:3 | Reached XP level 18. HP: 121/131 MP: 18/18
 28070 | Spider:3 | Gained mutation: You are agile. (Dex +4, Str/Int -1)
                  | [mutagenic glow]
 29186 | Spider:4 | Entered Level 4 of the Spider Nest
 30859 | Spider:4 | Reached skill level 5 in Invocations
 30859 | Spider:4 | Reached XP level 19. HP: 125/138 MP: 21/23
 30875 | Spider:4 | Got a gossamer rune of Zot
 31492 | Swamp:2  | Killed Ufrec's ghost
 31542 | Swamp:2  | Identified the +0 hat "Juhuurie" {Will+ Regen+ Stlth+}
 31579 | Swamp:2  | Killed tls9540's ghost
 31648 | Swamp:2  | HP: 2/207 [tls9540's ghost (41)]
 31651 | Swamp:2  | Killed Uroge's ghost
 31799 | Swamp:2  | Killed tls9540's ghost
 32158 | Swamp:3  | Reached skill level 15 in Fighting
 32309 | Swamp:3  | Upgraded the game from 0.32-a0-778-ga6a9c15 to
                  | 0.32-a0-779-g362cfca
 32445 | Swamp:4  | Entered Level 4 of the Swamp
 32509 | Swamp:4  | Reached XP level 20. HP: 145/145 MP: 24/24
 32675 | Swamp:4  | Noticed Mara
 32715 | Swamp:4  | Noticed Dorkslayer's illusion
 32717 | Swamp:4  | Killed Mara
 32728 | Swamp:4  | Noticed Bai Suzhen
 32756 | Swamp:4  | Killed Bai Suzhen
 32905 | Swamp:4  | Noticed the 27-headed Lernaean hydra
 33224 | Swamp:4  | Got a decaying rune of Zot
 33804 | Vaults:1 | Entered Level 1 of the Vaults
 34170 | Vaults:1 | Found a runed translucent gate.
 34170 | Vaults:1 | Found a runed translucent gate.
 34170 | Vaults:1 | Found a runed translucent gate.
 34174 | Vaults:1 | Noticed jongho1212's ghost (adept MfGl)
 34212 | Vaults:1 | Killed jongho1212's ghost
 34252 | Vaults:1 | Gained mutation: Potions are less effective at restoring
                  | your health. [mutagenic glow]
 34271 | Vaults:1 | Identified the +0 hat "Kumyk" {Int+5 Dex-5}
 35605 | Vaults:2 | Noticed Margery
 35615 | Vaults:2 | Noticed a hellephant
 35628 | Vaults:2 | Killed a hellephant
 35630 | Vaults:2 | Identified the storm talisman of the True Pharaoh {rF+
                  | rCorr Str-2}
 35630 | Vaults:2 | Noticed Sojobo
 35640 | Vaults:2 | Killed Margery
 35655 | Vaults:2 | HP: 3/147 [tengu reaver/bolt of lightning[Sojobo] (37)]
 35656 | Vaults:2 | Killed from afar by a tengu reaver

Illustrated notes

Levels and vault maps discovered:
D:1:      lemuel_arrival_rhombus, layout_basic,
          hellmonk_ecumenical_altar_blasted, kennysheep_small_spiral,
          kennysheep_pointless_box, minmay_pentomino_s4
D:2:      layout_loops_cross, basic_altar
D:3:      cheibrodos_fertilizer, layout_loops_ring
D:4:      layout_basic, nicolae_wu_jian_wuxing_cycle,
          kennysheep_decorative_pillar
D:5:      layout_gridville, mainiacjoe_overflow_alcove_3
D:6:      layout_gridville, minmay_temple_entry_ruins
D:7:      minmay_cornered_nines, layout_rooms, nicolae_qazlal_general_emergency,
          grunt_ministairs_6
D:8:      layout_gridville, mainiacjoe_overflow_cross_hatched, elyvilon_altar_1,
          fedhas_altar_fruit_tree, uniq_prince_ribbit1
D:9:      layout_roguey, mainiacjoe_overflow_small_starburst, lair_entry_dummy,
          zombieorc2_lemuel, uniq_grum, uniq_joseph, uniq_pikel
D:10:     layout_roguey [special_room_orc], uniq_josephine
D:11:     layout_loops_cross, enter_trove_2
D:12:     layout_roguey
D:13:     layout_long_grid, gammafunk_ghost_arena, uniq_jorgrun, uniq_frances
D:14:     layout_stronghold, david_vaults_1, yredelemnul_altar_generic
D:15:     grunt_enter_depths_snipers, layout_rooms,
          chequers_serial_rivers_large_a, minmay_tree_intersection, uniq_nessos,
          uniq_louise, uniq_azrael, uniq_rupert
Lair:1:   layout_regular_city
Lair:2:   layout_loops_ring, gauntlet_entry_generic
Lair:3:   layout_loops_ring, skrybe_swamp_entry_bodies,
          nicolae_spider_entry_orb_guardian, uniq_snorg
Lair:4:   layout_gridlike, minmay_shattered_shrine, lemuel_fruit_fields,
          grunt_megastairs_3, uniq_sonja
Lair:5:   guppyfry_lair_end_dragon, layout_regular_city,
          hangedman_lair_tendril_chambers, nicolae_slime_entry_field_trip,
          infiniplex_staircase_pool
Swamp:1:  layout_falls_marsh, evilmike_swamp_ruin_house_4, swamp_pool_1_2,
          nicolae_swamp_hydra_murder_den, uniq_roxanne
Swamp:2:  nzn_winding_woodlands_three_and_one [nzn_winding_woodlands_5x15_cabin,
          nzn_winding_woodlands_5x15_pathside_ponds,
          nzn_winding_woodlands_5x15_sawtooth,
          nzn_winding_woodlands_center_pierced_h], layout_basic_swamp,
          gammafunk_ghost_cemetery, evilmike_swamp_ruin_house_3, uniq_donald
Swamp:3:  layout_basic_swamp, evilmike_swamp_ruin_house_6
Swamp:4:  swamp_alternative, layout_basic_swamp, swamp_pool_5,
          nicolae_swamp_decorative_isthmus, uniq_mara, uniq_bai_suzhen
Spider:1: layout_spider_delve
Spider:2: layout_spider_delve
Spider:3: layout_chambers, hangedman_spider_tarantella_strand
Spider:4: spider_rune_water, nicolae_spider_scorpion_nest
Orc:1:    layout_diamond_mine, enter_volcano_3, serial_shops, shop,
          blackcustard_rock_pile
Orc:2:    st_orc_ogre_mass, layout_caves, serial_shops,
          nicolae_shop_hallway_stairs
Vaults:1: gammafunk_ghost_tricky_traps, v_misc_25, nicolae_vaults_corpse_flower,
          nicolae_vaults_bisected_exclaves, nicolae_vaults_closet_pinwheel_3,
          v_misc_32, vaults_room_pools, grunt_vaults_hallway_long, v_misc_5,
          ontoclasm_vaults_pinch, hangedman_vaults_locks,
          nicolae_vaults_double_plus_2, serial_library_hellmonk_semicircle,
          vaults_dpeg_diagonal, vaults_dpeg_encased_lava,
          layout_vaults_big_cross
Vaults:2: mu_enter_wizlab_5, nicolae_vaults_wrenched,
          nicolae_vaults_trapezoid_3, v_misc_9,
          hangedman_vaults_stretched_pinwheel, nicolae_vaults_more_shelving_1,
          nicolae_vaults_storage_closets_1, layout_vaults_omnigrid,
          uniq_margery, uniq_sojobo, uniq_boris

Skill      XL: |  1  2  3  4  5  6  7  8  9 10 11 12 13 14 15 16 17 18 19 20 |
---------------+-------------------------------------------------------------+-----
Stealth        | 1 2 3 4 6 7 8 9 10 | 10.8
Maces & Flails | 1 3 5 6 8 9 10 11 12 13 | 13.9
Unarmed Combat | 3 4 5 6 7 8 9 10 11 12 | 12.4
Fighting       | 4 5 6 7 9 10 12 13 14 15 | 15.8
Shapeshifting  | 2 3 4 5 6 7 8 9 10 11 | 11.2
Dodging        | 4 5 6 7 8 9 10 11 12 | 12.5
Shields        | 4 5 6 8 9 10 11 12 | 12.7
Throwing       | 1 2 3 4 6 7 8 |  8.7
Evocations     | 2 4 6 7 9 10 11 12 13 14 | 14.1
Invocations    | 1 5 7 |  7.8
Axes           | |  0.7

Action                     |  1- 3 |  4- 6 |  7- 9 | 10-12 | 13-15 | 16-18 | 19-21 || total
---------------------------+-------+-------+-------+-------+-------+-------+-------++-------
  Melee: Unarmed           |    35 |       |       |       |       |    89 |       ||   124
         Constrict         |    14 |    14 |    25 |    65 |   127 |   187 |    51 ||   483
         Tentacles         |     7 |    15 |    28 |   110 |   321 |   486 |   261 ||  1228
         Punch             |     2 |       |       |       |       |     8 |       ||    10
         Hand axe          |    20 |    16 |       |       |       |       |       ||    36
         Whip              |       |    58 |   145 |   387 |   968 |  1229 |   640 ||  3427
  Throw: Javelin           |       |       |    14 |    42 |    13 |    49 |    22 ||   140
         Dart              |       |       |       |     8 |       |    11 |    20 ||    39
         Boomerang         |       |       |       |       |   139 |     4 |    23 ||   166
  Evoke: Wand              |       |       |       |    18 |     6 |    64 |    36 ||   124
         Phantom mirror    |       |       |       |       |     2 |     2 |     2 ||     6
         Sack of spiders   |       |       |       |       |       |       |     3 ||     3
         Phial of floods   |       |       |       |       |       |       |     2 ||     2
    Use: Scroll            |       |    10 |     7 |     8 |    17 |     2 |     4 ||    48
         Potion            |       |       |     5 |     7 |     8 |    12 |    18 ||    50
   Stab: Sleeping          |     7 |    10 |     5 |    10 |    39 |    60 |    24 ||   155
         Distracted        |       |       |     1 |     1 |     2 |    13 |     6 ||    23
         Invisible         |       |       |       |       |     4 |     6 |     3 ||    13
         Petrifying        |       |       |       |       |     2 |       |       ||     2
         Petrified         |       |       |       |       |     1 |       |       ||     1
 Armour: Skin              |    20 |    10 |    49 |   118 |   366 |   532 |   268 ||  1363
  Dodge: Dodged            |    22 |    29 |    60 |   156 |   380 |   589 |   194 ||  1430
  Block: Buckler           |    14 |     8 |    29 |    69 |    52 |       |       ||   172
         Kite shield       |       |       |       |       |   230 |   639 |   412 ||  1281
         Other             |       |       |       |       |       |    14 |       ||    14
         Reflection        |       |       |       |       |       |     1 |    26 ||    27
         Form:             |       |       |       |       |       |     1 |       ||     1
         Blade             |       |       |       |       |       |     1 |       ||     1

Table legend: (Time is in decaauts)
 A = Elapsed time spent in this place.
 B = Non-inter-level travel time spent in this place.
 C = Inter-level travel time spent in this place.
 D = Time resting spent in this place.
 E = Time spent auto-exploring this place.
 F = Levels seen in this place.
 G = Mean time per level.
                   A        B        C        D        E       F      G
               +--------+--------+--------+--------+--------+-----+--------+
         Total |  34429 |  32880 |   1549 |   3807 |  10822 |  34 | 1012.6 |
       Dungeon |  13909 |  13144 |    765 |    849 |   5355 |  15 |  927.3 |
          Lair |   5812 |   5441 |    371 |    474 |   2050 |   5 | 1162.4 |
         Swamp |   4246 |   4102 |    144 |    756 |    627 |   4 | 1061.5 |
   Spider Nest |   6447 |   6271 |    176 |    985 |   2416 |   4 | 1611.8 |
  Orcish Mines |   1866 |   1824 |     42 |    459 |    192 |   2 |  933.0 |
        Vaults |   1374 |   1325 |     49 |      0 |    182 |   2 |  687.0 |
       Volcano |     71 |     71 |      0 |      0 |      0 |   1 |   71.0 |
      Gauntlet |    702 |    702 |      0 |    283 |      0 |   1 |  702.0 |
               +--------+--------+--------+--------+--------+-----+--------+

Top non-repeatable levels by time:
Spider:4: 1903 daAuts
Spider:3: 1812 daAuts
    D:13: 1703 daAuts
 Swamp:2: 1542 daAuts
Spider:2: 1477 daAuts
  Lair:5: 1383 daAuts
  Lair:4: 1362 daAuts
Vaults:1: 1293 daAuts
     D:9: 1283 daAuts
Spider:1: 1253 daAuts
    D:14: 1191 daAuts
  Lair:1: 1171 daAuts
   Orc:1: 1146 daAuts
 Swamp:1: 1109 daAuts
     D:1: 975 daAuts
